 Dungeon Crawl Stone Soup version 0.31-a0-818-ge7c7cf74f0 (webtiles) character file.

Game seed: 4024261251698438725

149 Essalna the Digger (level 5, 0/35 HPs)
             Began as a Demonspawn Earth Elementalist on Sept 23, 2023.
             Slain by a gnoll
             ... wielding a +2 halberd of venom
             ... led by a gnoll bouda
              (2 damage)
             ... on level 3 of the Dungeon.
             The game lasted 00:02:43 (1529 turns).

Essalna the Digger (Demonspawn Earth Elementalist)  Turns: 1529, Time: 00:02:44

Health: 0/35       AC:  2    Str:  8    XL:     5   Next: 9%
Magic:  7/10       EV: 15    Int: 18    God:
Gold:   91         SH:  0    Dex: 20    Spells: 10/11 levels left

rFire   . . .        f - +0 dagger
rCold   . . .        (no shield)
rNeg    . . .        a - +0 robe
rPois   .            (no helmet)
rElec   .            (no cloak)
rCorr   .            (no gloves)
SInv    .            (no boots)
Will    .....        j - amulet of the acrobat
Stlth   ++           l - +6 ring of dexterity
HPRegen 0.25/turn    (no ring)
MPRegen 0.24/turn

%: acrobat
@: no status effects
A: repulsion field 2, magic regeneration
a: no special abilities


You were on level 3 of the Dungeon.
You visited 1 branch of the dungeon, and saw 3 of its levels.

You collected 91 gold pieces.

Inventory:

Hand Weapons
 f - a +0 dagger (weapon)
Missiles
 t - a throwing net
Armour
 a - a +0 robe (worn)
Jewellery
 j - an amulet of the acrobat (around neck)
 l - a +6 ring of dexterity (left hand)
 m - an amulet of faith
Wands
 s - a wand of paralysis (8)
Scrolls
 c - a scroll of amnesia {unknown}
 d - a scroll of revelation {unknown}
 g - a scroll of torment {unknown}
 h - 4 scrolls of identify {unknown}
 k - a scroll of enchant armour {unknown}
 p - 3 scrolls of noise {unknown}
 q - a scroll of blinking {unknown}
Potions
 b - a potion of magic
 e - a potion of curing {unknown}
 i - a potion of invisibility {unknown}
 n - a potion of degeneration {unknown}
 o - a potion of might {unknown}
 r - a potion of brilliance {unknown}


   Skills:
 - Level 1.7 Dodging
 - Level 1.7 Stealth
 + Level 3.7 Spellcasting
 - Level 0.8 Transmutations
 + Level 4.2 Earth Magic


You had 10 spell levels left.
You knew the following spells:

 Your Spells              Type           Power      Damage    Failure   Level
a - Sandblast             Erth           36%        2d10      2%          1

Your spell library contained the following spells:

 Spells                   Type           Power      Damage    Failure   Level
 Passwall                 Tmut/Erth      10%        N/A       9%          2
 Sting                    Tmut/Pois      16%        1d3       13%         1
 Stone Arrow              Conj/Erth      20%        3d8       19%         3
 Poisonous Vapours        Pois/Air       6%         N/A       22%         2
 Petrify                  Tmut/Erth      12%        N/A       47%         4
 Brom's Barrelling Bould  Conj/Erth      10%        2d3       54%         4
 Olgreb's Toxic Radiance  Pois           3%         N/A       83%         4


Dungeon Overview and Level Annotations

Branches:
Dungeon (3/15)

Altars:


Innate Abilities, Weirdness & Mutations

You are surrounded by a moderate repulsion field. (EV +3)
You regenerate magic rapidly.


Message History

There are monsters nearby!
There are monsters nearby!
Found an emerald potion and a wand of paralysis (11).
The gnoll bouda shouts!
The gnoll shouts!
You hear a shout!
The gnoll bouda gazes fiercely through you!
You feel your attacks grow feeble.
The blast of sand hits the gnoll bouda but does no damage.
The blast of sand hits the gnoll bouda but does no damage.
Your attacks no longer feel as feeble.
The gnoll bouda barks out a call to the hunt!
The gnoll picks up the pace!
A gnoll comes into view. It is wielding a +0 spear.
Found a dagger.
The gnoll bouda hits you with a +0 war axe!
The gnoll completely misses you.
You are too injured to fight recklessly!
You are too injured to fight recklessly!
You are too injured to fight recklessly!
You are too injured to fight recklessly!
You are too injured to fight recklessly!
Casting: Sandblast (safe; 2% risk of failure)
Confirm with . or Enter, or press ? or * to list all spells.
Aiming: Sandblast (safe; 2% risk of failure)
Press: ? - help, Shift-Dir - straight line, f - gnoll, p - gnoll bouda
Aim: a gnoll, wielding a +2 halberd of venom (covering ground quickly, 84% to hit)
The blast of sand hits the gnoll but does no damage.
The gnoll bouda hits you with a +0 war axe.
The gnoll throws a stone.
The stone hits you.
The gnoll hits you with a +2 halberd of venom!
The gnoll bouda hits you with a +0 war axe!
* * * LOW HITPOINT WARNING * * *
Casting: Sandblast (safe; 2% risk of failure)
Confirm with . or Enter, or press ? or * to list all spells.
Aiming: Sandblast (safe; 2% risk of failure)
Press: ? - help, Shift-Dir - straight line, f/p - gnoll
Aim: a gnoll, wielding a +2 halberd of venom (covering ground quickly, 84% to hit)
The blast of sand misses the gnoll.
The gnoll throws a stone.
The stone closely misses you.
The gnoll hits you with a +2 halberd of venom.
You die...

### ..# #..# ).. ######
..######
#!.##/.#...##....†
#......#
....>.........##..
...))..##
#$.#.#...........#
.#####..#
#......#...####### .#
#..## #..#.......# ..
##..## ####g...g.....#
##.
##..###...@..#..##..#
.. ##.....##.g....#...
#. ###............#..#
.##.......†††....#.#
#.........#...##....##
#
##.......##..#####...##
#. ....#..)..#..##
#<†..## #.
###....)..#...
###.....######.
..........#.
....#........###


You could see a gnoll bouda and 2 gnolls.

Vanquished Creatures
  Jessica (D:2)
  2 gnolls (D:3)
  4 adders
  A worm (D:2)
  5 dart slugs
  7 ball pythons
  6 bats
  5 endoplasms
  7 goblins
  2 hobgoblins
  2 jackals (D:1)
  7 frilled lizards
  3 kobolds (D:1)
  6 rats
58 creatures vanquished.

Notes
Turn   | Place    | Note
-------+----------+-------------------------------------------
     0 | D:1      | Essalna the Demonspawn Earth Elementalist began the quest
                  | for the Orb.
     0 | D:1      | Reached XP level 1. HP: 13/13 MP: 3/3
   164 | D:1      | Reached skill level 3 in Earth Magic
   169 | D:1      | Gained mutation: You regenerate magic rapidly. [demonic
                  | ancestry]
   169 | D:1      | Reached XP level 2. HP: 19/19 MP: 1/5
   431 | D:1      | Gained mutation: You are surrounded by a mild repulsion
                  | field. (EV +2) [demonic ancestry]
   431 | D:1      | Reached XP level 3. HP: 24/24 MP: 4/7
   581 | D:2      | Noticed Jessica
   583 | D:2      | Killed Jessica
   771 | D:2      | Gained mutation: You are surrounded by a moderate repulsion
                  | field. (EV +3) [demonic ancestry]
   771 | D:2      | Reached XP level 4. HP: 30/30 MP: 6/8
  1325 | D:3      | Reached skill level 4 in Earth Magic
  1426 | D:3      | Reached XP level 5. HP: 20/35 MP: 5/10
  1529 | D:3      | Slain by a gnoll

Illustrated notes

Levels and vault maps discovered:
D:1:      tarquinn_simple_flora_water_a, layout_rooms
D:2:      layout_loops_ring, serial_park_tiny_pond, uniq_jessica
D:3:      layout_rooms

Skill      XL: |  1  2  3  4 |
---------------+-------------+-----
Earth Magic    | 3 4 |  4.2
Spellcasting   | 3 |  3.7
Dodging        | |  1.7
Stealth        | |  1.7
Transmutations | |  0.8

Action                     |  1- 3 |  4- 6 || total
---------------------------+-------+-------++-------
  Melee: Dagger            |     2 |     2 ||     4
   Cast: Sandblast         |    45 |    39 ||    84
 Armour: Robe              |     9 |    10 ||    19
  Dodge: Dodged            |    21 |     9 ||    30

Table legend: (Time is in decaauts)
 A = Elapsed time spent in this place.
 B = Non-inter-level travel time spent in this place.
 C = Inter-level travel time spent in this place.
 D = Time resting spent in this place.
 E = Time spent auto-exploring this place.
 F = Levels seen in this place.
 G = Mean time per level.
                   A        B        C        D        E       F      G
               +--------+--------+--------+--------+--------+-----+--------+
         Total |   1569 |   1533 |     36 |      0 |   1189 |   3 |  523.0 |
       Dungeon |   1569 |   1533 |     36 |      0 |   1189 |   3 |  523.0 |
               +--------+--------+--------+--------+--------+-----+--------+

Top non-repeatable levels by time:
     D:2: 666 daAuts
     D:1: 595 daAuts
     D:3: 306 daAuts
